 Dungeon Crawl Stone Soup version 0.20.1-1-g8b1a95d (webtiles) character file.

5355 equalderp2856 the Cleaver (level 10, -10/88 HPs)
             Began as a Minotaur Fighter on Sept 7, 2017.
             Mangled by an orc knight
             ... wielding a +0 war axe
              (34 damage)
             ... in a bailey.
             The game lasted 00:23:54 (9383 turns).

equalderp2856 the Cleaver (Minotaur Fighter)        Turns: 9383, Time: 00:23:54

Health: -10/88     AC: 18    Str: 21    XL:     10   Next: 38%
Magic:  9/9        EV:  7    Int:  6    God:
Gold:   558        SH: 11    Dex: 12    Spells: 9/9 levels left

rFire    . . .     SeeInvis .   J - +3 war axe
rCold    . . .     Gourm    .   c - +0 shield
rNeg     . . .     Faith    .   s - +0 plate armour
rPois    .         Spirit   .   (helmet restricted)
rElec    .         Reflect  .   u - +0 cloak
rCorr    .         Harm     .   B - +0 pair of gloves
MR       .....                  e - +0 pair of boots
Stlth    ..........             (no amulet)
Regen    0.3/turn               (no ring)
MPRegen  0.2/turn               (no ring)

@: no status effects
A: retaliatory headbutt, horns 2
a: no special abilities


You were in a bailey.
You were hungry.

You visited 1 branch of the dungeon, and saw 8 of its levels.
You also visited: Bailey.

You collected 558 gold pieces.

Inventory:

Hand Weapons
 a - a +1 war axe of venom
 t - a +3 trident
 J - a +3 war axe (weapon)
 K - a -3 war axe
Armour
 b - a +0 scale mail
 c - a +0 shield (worn)
 e - a +0 pair of boots (worn)
 n - a -2 cloak
 s - a +0 plate armour (worn)
 u - a +0 cloak (worn)
 y - a +0 chain mail
 B - a +0 pair of gloves (worn)
Jewellery
 w - an uncursed ring of wizardry {unknown}
 E - a +4 ring of intelligence {unknown}
 G - an uncursed ring of protection from cold {unknown}
Wands
 v - a wand of flame (18/48)
 x - a wand of flame (29/48)
 H - a wand of confusion (9/48)
Scrolls
 i - 3 scrolls of remove curse
 j - a scroll of immolation {unknown}
 k - 3 scrolls of blinking
 m - 2 scrolls of fear
 q - 2 scrolls of amnesia
 r - 5 scrolls of enchant weapon
 z - 2 scrolls of identify
 L - 2 scrolls of teleportation
 O - a scroll of acquirement {unknown}
Potions
 d - a potion of might
 h - 4 potions of lignification
 l - 2 potions of ambrosia {unknown}
 o - a potion of agility {unknown}
 A - 2 potions of curing
 C - 2 potions of flight {unknown}
 F - a potion of berserk rage {unknown}
 M - a potion of heal wounds
 N - a potion of resistance {unknown}
Books
 I - a book of Misfortune

   Spells                             Type                      Level
   a - Confusing Touch                Hexes                        1
   b - Confuse                        Hexes                        3
   c - Gell's Gravitas                Translocation                3
   d - Petrify                        Transmutation/Earth          4
   e - Metabolic Englaciation         Hexes/Ice                    5
   f - Yara's Violent Unravelling     Hexes/Transmutation          5
Comestibles
 f - 4 bread rations
 p - a meat ration
 D - 3 fruits


   Skills:
 + Level 8.3 Fighting
 + Level 11.9 Axes
 + Level 8.5 Armour
 + Level 3.5 Dodging
 + Level 1.4 Stealth
 + Level 8.7 Shields
 + Level 0.5 Evocations


You had 9 spell levels left.
You didn't know any spells.

Dungeon Overview and Level Annotations

Branches:
Dungeon (8/15)             Temple (0/1) D:7
   Lair: D:8-11

Altars:
Ashenzari
Cheibriados
Dithmenos
Elyvilon
Kikubaaqudgha
Ru
Xom
Yredelemnul
The Shining One

Annotations:
D:4 Grinder


Innate Abilities, Weirdness & Mutations

You reflexively headbutt those who attack you in melee.
You have a pair of horns on your head.


Message History

Things that are here:
a hand axe; a leather armour
Items here: ))))) [[[[[
There is an open door here.
Things that are here:
a hand axe; a leather armour
There is a fountain of clear blue water here.
Items here: ))) [[[[
There is an open door, spattered with blood here.
Things that are here:
a hand axe; a leather armour The orc warlord roars a battlecry!
The orc knight goes into a battle-frenzy!
The orc warlord hits you but does no damage.
The orc knight roars a battlecry!
The orc warlord goes into a battle-frenzy!
Things that are here:
a hand axe; a runed ring mail The orc knight hits you with a war axe!!
You die...

#.....⌠.....#######.....⌠.....
##.........##.....##.........#
#.........#.......#.........#
##.......##.......##[......##
#.......'.........))......#
##.....##.........##.....##
#######.....⌠.....#######
##.........## #..@oo....#
##.......## #..)))..#
##.....## ♣##'''##♣♣
♣♣........♣ ♣........♣♣
♣♣....∩....♣♣ ♣...........♣


You could see an orc warlord and an orc knight.

Vanquished Creatures
  The ghost of miragecloak the Cleaver, a novice FoMo of the Shining One (D:6)
  Menkaure (D:7)
  4 hungry ghosts
  A water moccasin (D:8)
  14 orc warriors
  A black bear (D:6)
  An ice beast (D:5)
  A phantom (D:5)
  3 centaurs (D:5)
  5 ogres
  Blork the orc (D:5)
  A crocodile (D:8)
  A wyvern zombie (D:7)
  3 bullfrogs
  4 killer bees
  A scorpion (D:5)
  A howler monkey (D:6)
  2 crimson imps
  A bullfrog zombie (D:5)
  2 jellies
  2 centaur skeletons
  4 hounds
  5 orc wizards
  3 orc priests
  2 bullfrog skeletons (D:6)
  2 iguanas
  6 worker ants
  A hound zombie (D:5)
  2 hound skeletons
  10 adders
  14 gnolls
  3 oozes
  3 adder zombies
  3 worms
  3 dart slugs
  7 leopard geckos
  36 orcs
  5 ball pythons
  6 giant cockroaches
  26 goblins
  25 hobgoblins
  16 jackals
  10 kobolds
  3 quokkas
  6 bats
  6 frilled lizards
  A jackal zombie (D:6)
  A leopard gecko skeleton (D:7)
  A quokka skeleton (D:5)
  9 rats
270 creatures vanquished.

Notes
Turn   | Place    | Note
-------+----------+-------------------------------------------
     0 | D:1      | equalderp2856 the Minotaur Fighter began the quest for the Orb.
     0 | D:1      | Reached XP level 1. HP: 19/19 MP: 0/0
    46 | D:1      | Reached XP level 2. HP: 23/27 MP: 1/1
   404 | D:1      | Reached XP level 3. HP: 32/33 MP: 2/2
  1123 | D:2      | Reached skill level 3 in Axes
  1156 | D:2      | Reached XP level 4. HP: 30/40 MP: 3/3
  1621 | D:2      | Reached skill level 4 in Axes
  1805 | D:4      | Reached XP level 5. HP: 23/46 MP: 4/4
  2090 | D:3      | Reached skill level 5 in Axes
  2203 | D:3      | Reached skill level 5 in Shields
  2203 | D:3      | Reached XP level 6. HP: 53/53 MP: 5/5
  2209 | D:3      | Reached skill level 5 in Armour
  3013 | D:4      | Noticed Grinder
  3013 | D:4      | Paralysed by Grinder for 2 turns
  3512 | D:4      | Reached skill level 6 in Axes
  3579 | D:4      | Paralysed by Grinder for 2 turns
  3587 | D:5      | Entered Level 5 of the Dungeon
  3750 | D:5      | Reached skill level 1 in Dodging
  3753 | D:5      | Noticed Blork the orc
  3766 | D:5      | Killed Blork the orc
  3766 | D:5      | Reached XP level 7. HP: 40/60 MP: 6/6
  3877 | D:5      | Reached skill level 5 in Fighting
  3891 | D:5      | Reached skill level 7 in Axes
  3951 | D:5      | Reached XP level 8. HP: 14/69 MP: 7/7
  4262 | D:5      | Found a shimmering altar of Xom.
  4263 | D:5      | Found a basalt altar of Yredelemnul.
  4264 | D:5      | Found a sacrificial altar of Ru.
  4264 | D:5      | Found a glowing golden altar of the Shining One.
  4264 | D:5      | Found a shadowy altar of Dithmenos.
  4265 | D:5      | Found a snail-covered altar of Cheibriados.
  4448 | D:5      | Reached skill level 8 in Axes
  4622 | D:5      | Reached skill level 1 in Stealth
  5035 | D:6      | Noticed miragecloak's ghost (novice FoMo)
  5223 | D:5      | Reached skill level 9 in Axes
  5415 | D:6      | Killed miragecloak's ghost
  5415 | D:6      | Reached XP level 9. HP: 45/77 MP: 8/8
  5764 | D:6      | Found a white marble altar of Elyvilon.
  5915 | D:6      | Reached skill level 10 in Axes
  6092 | D:7      | Found a shattered altar of Ashenzari.
  6334 | D:7      | Noticed Menkaure
  6350 | D:7      | Killed Menkaure
  6816 | D:7      | Found a staircase to the Ecumenical Temple.
  6850 | D:7      | Reached skill level 11 in Axes
  7213 | D:8      | Found an ancient bone altar of Kikubaaqudgha.
  7234 | D:8      | Reached XP level 10. HP: 86/86 MP: 9/9
  7352 | D:8      | Found a flagged portal.
  7361 | D:8      | Paralysed by fainting for 7 turns
  7565 | Bailey   | Entered a bailey
  8062 | Bailey   | Noticed an orc knight
  8062 | Bailey   | Noticed an orc warlord
  9383 | Bailey   | Mangled by an orc knight

Skill      XL: |  1  2  3  4  5  6  7  8  9 10 |
---------------+-------------------------------+-----
Shields        | 4 5 6 8 |  8.7
Fighting       | 4 5 6 7 8 |  8.3
Armour         | 4 5 6 7 8 |  8.5
Axes           | 3 4 5 6 7 9 11 | 11.9
Dodging        | 1 2 3 |  3.5
Stealth        | 1 |  1.4
Evocations     | |  0.5

Action                   |  1- 3 |  4- 6 |  7- 9 | 10-12 || total
-------------------------+-------+-------+-------+-------++-------
Melee: War axe           |    75 |   199 |   312 |   180 ||   766
       Headbutt          |     9 |    19 |    51 |    37 ||   116
Evoke: Wand              |       |       |       |     7 ||     7
  Use: Scroll            |     2 |     5 |     7 |     2 ||    16
       Potion            |       |     1 |     1 |       ||     2
 Stab: Confused          |       |       |       |     2 ||     2
  Eat: Chunk             |       |     8 |    12 |     2 ||    22
       Royal jelly       |       |       |     1 |     2 ||     3
       Meat ration       |       |       |       |     1 ||     1
Armor: Scale mail        |    22 |    81 |    70 |       ||   173
       Skin              |       |     3 |       |       ||     3
       Chain mail        |       |       |    14 |       ||    14
       Plate armour      |       |       |       |    52 ||    52
Dodge: Dodged            |    19 |    58 |   105 |    26 ||   208
Block: Shield            |    33 |   122 |   166 |    98 ||   419
